 Dungeon Crawl Stone Soup version 0.29-a0-559-g359e09b9d1 (webtiles) character file.

Game seed: 8195981553197506756

177 Bruhh the Skirmisher (level 5, -2/51 HPs)
             Began as a Naga Fighter on June 10, 2022.
             Splashed by a jelly's acid (6 damage)
             ... on level 4 of the Dungeon.
             The game lasted 00:02:51 (3534 turns).

Bruhh the Skirmisher (Naga Fighter)                 Turns: 3534, Time: 00:02:53

Health: -2/51      AC: -3    Str: 21    XL:     5   Next: 57%
Magic:  5/5        EV:  5    Int:  8    God:
Gold:   187        SH:  5    Dex: 16    Spells: 4/4 levels left

rFire   . . .      SeeInvis +   a - +0 war axe
rCold   . . .      Faith    .   c - +0 buckler
rNeg    . . .      Spirit   .   A - +0 chain mail
rPois   +          Reflect  .   (no helmet)
rElec   .          Harm     .   j - +0 cloak
rCorr   .          Rampage  .   k - +0 pair of gloves
Will    .....                   (no barding)
Stlth   ..........              (no amulet)
HPRegen 0.17/turn               q - +6 ring of dexterity
MPRegen 0.09/turn               (no ring)

@: corroded, attractive, very slow
A: AC +1, large, see invisible, deformed body, poison resistance, slowness 2,
spit poison 1, naga tail 1
a: Spit Poison


You were on level 4 of the Dungeon.
You visited 1 branch of the dungeon, and saw 4 of its levels.

You collected 187 gold pieces.

Inventory:

Hand Weapons
 a - a +0 war axe (weapon)
Armour
 b - a +0 scale mail
 c - a +0 buckler (worn)
 i - a +2 pair of gloves
 j - a +0 cloak (worn)
 k - a +0 pair of gloves (worn)
 A - a +0 chain mail (worn)
Jewellery
 e - a ring of ice
 q - a +6 ring of dexterity (left hand)
 v - an amulet of magic regeneration
 z - the ring of Miracles {Fly rC+ Will++ Str-4}
   (You found it on level 3 of the Dungeon)

   [ring of flight]

   Str:       It affects your strength (-4).
   rC:        It protects you from cold.
   Fly:       It grants you flight.
   Will:      It greatly increases your willpower.
Wands
 w - a wand of digging (7)
Scrolls
 f - 3 scrolls of identify {unknown}
 h - a scroll of fog {unknown}
 m - a scroll of acquirement {unknown}
 p - a scroll of enchant weapon {unknown}
 u - 3 scrolls of teleportation {unknown}
 y - a scroll of poison {unknown}
Potions
 d - a potion of might
 g - a potion of flight {unknown}
 l - a potion of degeneration {unknown}
 n - a potion of mutation {unknown}
 o - a potion of attraction
 r - a potion of cancellation {unknown}
 s - a potion of brilliance {unknown}
 t - 3 potions of heal wounds {unknown}
 x - a potion of curing {unknown}


   Skills:
 + Level 4.7 Fighting
 + Level 4.1 Axes
 - Level 2.4 Armour
 - Level 2.6 Shields


You had 4 spell levels left.
You didn't know any spells.
Your spell library contained the following spells:

 Spells                   Type           Power      Damage    Failure   Level
 Necrotize                Necr           0%         1d4       99%         1
 Shock                    Conj/Air       0%         1d3       99%         1
 Sublimation of Blood     Necr           0%         N/A       100%        2
 Wereblood                Tmut           0%         N/A       100%        2
 Confusing Touch          Hex            0%         N/A       100%        3
 Portal Projectile        Hex/Tloc       0%         N/A       100%        3
 Swiftness                Air            0%         N/A       100%        3
 Tukima's Dance           Hex            0%         N/A       100%        3
 Vampiric Draining        Necr           0%         2d6       100%        3
 Airstrike                Air            0%         N/A       100%        4
 Agony                    Necr           0%         N/A       100%        5
 Blade Hands              Tmut           0%         N/A       100%        5
 Yara's Violent Unravell  Hex/Tmut       0%         3d3       100%        5
 Enfeeble                 Hex            0%         N/A       100%        7
 Summon Hydra             Summ           0%         N/A       100%        7


Dungeon Overview and Level Annotations

Branches:
Dungeon (4/15)
 Temple: D:4-7

Altars:
Hepliaklqana


Innate Abilities, Weirdness & Mutations

Your serpentine skin is tough. (AC +1)
You have supernaturally acute eyesight. (SInv)
Armour fits poorly on your strangely shaped body.
Your system is resistant to poisons. (rPois)
You cover ground very slowly.
You can spit poison.
You have a snake-like lower body.


Message History

The jelly is moderately wounded.
You hear a shout!
An orc comes into view. It is wielding a +0 club.
The jelly barely misses you.
An orc comes into view. It is wielding a +0 flail.
You barely miss the jelly.
The jelly is moderately wounded.
The jelly barely misses you.
You hit the jelly. The acid corrodes you!
Your hands burn!
The jelly is heavily wounded.
You hit the orc but do no damage. The orc hits you with a +0 dagger.
The jelly hits you.
You are splashed with acid!
You block the orc's attack. The orc hits you but does no damage.
The jelly hits you but does no damage.
You barely miss the jelly.
The jelly is heavily wounded.
You barely miss the orc. You hit the orc but do no damage.
The orc hits you with a +0 dagger. You block the jelly's attack.
The orc hits you but does no damage.
Unknown command.
You hit the jelly but do no damage. The acid corrodes you!
Your hands burn!
The jelly is heavily wounded.
You closely miss the orc. You hit the orc but do no damage.
You block the orc's attack. You block the jelly's attack.
The orc completely misses you.
You hit the jelly but do no damage.
Your hands burn!
The jelly is heavily wounded.
You hit the orc. You barely miss the orc. You block the orc's attack.
You block the jelly's attack. The orc closely misses you.
The orc hits you with a +0 dagger. You block the orc's attack.
The jelly hits you.
You are splashed with acid!
* * * LOW HITPOINT WARNING * * *
The orc hits you with a +0 whip.
* * * LOW HITPOINT WARNING * * *
Okay, then.
It was a potion of attraction.
You feel attractive to monsters. The orc barely misses you. The jelly hits you.
* * * LOW HITPOINT WARNING * * *
The acid corrodes you!
You are splashed with acid.
You die...

........######.#
........# #.#
........######.#
...)...........#
......########.#####
###.......# #......#
###.#####.# #......#
........#
#....o.#####
....†##.#
+...@o......
#.......#
#..ooJ......
#.....###
##+#o.......
#####.## #........
#..# #........ ##.#
#........ #.##
#........ #..#
#........ ##.#


You could see a jelly and 5 orcs.

Vanquished Creatures
  A jelly (D:4)
  An orc priest (D:4)
  2 adders
  An ufetubus (D:4)
  3 worms
  5 orcs
  11 endoplasms
  3 giant cockroaches
  6 goblins
  7 hobgoblins
  2 jackals (D:1)
  2 quokkas
  6 ball pythons
  7 bats
  4 frilled lizards
  8 kobolds
  7 rats
  A spectral goblin (D:1)
77 creatures vanquished.

Notes
Turn   | Place    | Note
-------+----------+-------------------------------------------
     0 | D:1      | Bruhh the Naga Fighter began the quest for the Orb.
     0 | D:1      | Reached XP level 1. HP: 21/21 MP: 1/1
    24 | D:1      | Found a faded altar of an unknown god.
   110 | D:1      | Reached XP level 2. HP: 28/28 MP: 2/2
   782 | D:1      | Reached XP level 3. HP: 34/34 MP: 3/3
  1205 | D:2      | Found a hazy altar of Hepliaklqana.
  2018 | D:3      | Reached XP level 4. HP: 38/44 MP: 4/4
  2634 | D:3      | Identified the ring of Miracles {Fly rC+ Will++ Str-4}
  2969 | D:4      | Reached XP level 5. HP: 7/51 MP: 5/5
  3534 | D:4      | Splashed by a jelly's acid

Illustrated notes

Levels and vault maps discovered:
D:1:      dpeg_arrival_short_road, layout_loops_cross,
          dreamdust_ecumenical_altar_drowned_temple, serial_rivers,
          chequers_serial_rivers_large_a, chequers_serial_rivers_room_b,
          chequers_serial_rivers_micro_d, chequers_serial_rivers_micro_c,
          chequers_serial_rivers_micro_c, chequers_serial_rivers_small_3,
          minmay_crystal_room
D:2:      layout_loops_ring, basic_altar
D:3:      wander_river, layout_basic, minmay_misc_feat_roman, st_stairs_6
D:4:      layout_basic

Skill      XL: |  1  2  3  4  5 |
---------------+----------------+-----
Axes           | 3 4 |  4.1
Fighting       | 4 |  4.7
Armour         | |  2.4
Shields        | |  2.6

Action                   |  1- 3 |  4- 6 || total
-------------------------+-------+-------++-------
Melee: War axe           |   113 |    83 ||   196
 Abil: Spit Poison       |       |     1 ||     1
  Use: Potion            |       |     1 ||     1
Armor: Scale mail        |    68 |    41 ||   109
       Chain mail        |       |     5 ||     5
Dodge: Dodged            |    39 |    30 ||    69
Block: Buckler           |    21 |    26 ||    47

Table legend: (Time is in decaauts)
 A = Elapsed time spent in this place.
 B = Non-inter-level travel time spent in this place.
 C = Inter-level travel time spent in this place.
 D = Time resting spent in this place.
 E = Time spent auto-exploring this place.
 F = Levels seen in this place.
 G = Mean time per level.
                   A        B        C        D        E       F      G
               +--------+--------+--------+--------+--------+-----+--------+
         Total |   4608 |   4446 |    162 |      0 |   3795 |   4 | 1152.0 |
       Dungeon |   4608 |   4446 |    162 |      0 |   3795 |   4 | 1152.0 |
               +--------+--------+--------+--------+--------+-----+--------+

Top non-repeatable levels by time:
     D:1: 1458 daAuts
     D:3: 1203 daAuts
     D:2: 1188 daAuts
     D:4: 758 daAuts
